 Dungeon Crawl Stone Soup version 0.30-a0-777-ga9a30cbeda (webtiles) character file.

Game seed: 2155697304786785787

207 sircluck the Caller (level 5, -7/28 HPs)
             Began as a Deep Elf Summoner on Feb 14, 2023.
             Mangled by an orc priest
             ... wielding a +0 flail
              (12 damage)
             ... on level 4 of the Dungeon.
             The game lasted 00:10:08 (3334 turns).

sircluck the Caller (Deep Elf Summoner)             Turns: 3334, Time: 00:10:09

Health: -7/28      AC:  3    Str:  5    XL:     5   Next: 54%
Magic:  13/14      EV: 13    Int: 22    God:
Gold:   220        SH:  0    Dex: 15    Spells: 6/13 levels left

rFire   . . .      SeeInvis .    n - +3 dagger (venom)
rCold   . . .      Faith    .    (no shield)
rNeg    . . .      Spirit   .    a - +0 robe
rPois   .          Reflect  .    (no helmet)
rElec   .          Harm     +    l - scarf {harm}
rCorr   .          Rampage  .    (no gloves)
Will    .....                    s - +0 pair of boots
Stlth   +                        (no amulet)
HPRegen 0.24/turn                (no ring)
MPRegen 0.14/turn                (no ring)

@: confused
A: no striking features
a: no special abilities


You were on level 4 of the Dungeon.
You visited 1 branch of the dungeon, and saw 4 of its levels.

You collected 220 gold pieces.

Inventory:

Hand Weapons
 g - a +0 dagger
 n - a +3 dagger of venom (weapon)
 p - the +2 trident of Irystriff {drain, *Noise rPois rCorr Stlth+}
   (You found it on level 3 of the Dungeon)

   rPois:     It protects you from poison.
   *Noise:    It may make noises in combat.
   rCorr:     It protects you from acid and corrosion.
   Stlth:     It makes you more stealthy.
Missiles
 h - 40 stones
Armour
 a - a +0 robe (worn)
 f - a +0 cloak
 l - a scarf of harm (worn)
 s - a +0 pair of boots (worn)
Scrolls
 d - 2 scrolls of enchant weapon {unknown}
 i - a scroll of brand weapon {unknown}
 j - 2 scrolls of blinking {unknown}
 k - a scroll of identify {unknown}
 r - a scroll of poison {unknown}
 t - a scroll of teleportation {unknown}
 u - a scroll of noise {unknown}
 v - a scroll of summoning {unknown}
Potions
 b - 2 potions of magic
 c - 2 potions of degeneration {unknown}
 e - 3 potions of curing
 m - 3 potions of flight {unknown}
 o - a potion of might {unknown}
 q - a potion of mutation {unknown}


   Skills:
 + Level 0.6 Fighting
 + Level 0.7 Short Blades
 + Level 3.2 Dodging
 + Level 2.8 Stealth
 + Level 0.1 Unarmed Combat
 + Level 4.9 Spellcasting
 + Level 6.0 Summonings


You had 6 spell levels left.
You knew the following spells:

 Your Spells              Type           Power      Damage    Failure   Level
a - Summon Small Mammal   Summ           100%       N/A       1%          1
b - Summon Guardian Gole  Hex/Summ       18%        N/A       9%          3
c - Call Canine Familiar  Summ           32%        N/A       2%          3

Your spell library contained the following spells:

 Spells                   Type           Power      Damage    Failure   Level
 Call Imp                 Summ           32%        N/A       1%          2
 Shock                    Conj/Air       20%        1d4       11%         1
 Summon Lightning Spire   Summ/Air       18%        N/A       28%         4
 Portal Projectile        Hex/Tloc       10%        N/A       30%         3
 Swiftness                Air            5%         N/A       30%         3
 Tukima's Dance           Hex            5%         N/A       30%         3
 Airstrike                Air            2%         2d(1-17)  71%         4
 Petrify                  Tmut/Erth      5%         N/A       71%         4
 Blade Hands              Tmut           2%         N/A       96%         5
 Metabolic Englaciation   Hex/Ice        2%         N/A       96%         5
 Statue Form              Tmut/Erth      3%         N/A       100%        6


Dungeon Overview and Level Annotations

Branches:
Dungeon (4/15)
 Temple: D:4-7

Altars:
Qazlal

Shops:
D:3 ?


Message History

The orc hits your guardian golem but does no damage.
A magic dart appears from out of thin air!
The magic dart hits your guardian golem.
The orc hits your guardian golem with a +0 falchion.
You hear some strange, mumbled words.
You are confused.
An orc comes into view. It is wielding a +0 short sword.
Something hits your guardian golem but does no damage.
The orc hits your guardian golem but does no damage.
Something hits your guardian golem.
The orc hits your guardian golem with a +0 falchion.
You hear some strange, mumbled words.
You are more confused.
Something hits your guardian golem.
The orc hits your guardian golem with a +0 falchion.
Something hits you.
* * * LOW HITPOINT WARNING * * *
Your guardian golem overheats!
Something hits you.
* * * LOW HITPOINT WARNING * * *
Something hits your guardian golem but does no damage.
The orc priest misses you.
The orc hits your guardian golem but does no damage.
A magic dart appears from out of thin air!
The magic dart hits your guardian golem but does no damage.
The orc throws a boomerang.
The boomerang hits your guardian golem. Flame seeps out of your guardian golem.
Something hits you but does no damage. The orc priest misses you.
Your guardian golem is engulfed in blazing flames.
Flame seeps out of your guardian golem.
You hear some strange, mumbled words.
A puff of flame appears from out of thin air!
The puff of flame hits your guardian golem.
Your guardian golem resists.
Flame seeps out of your guardian golem.
The orc throws a boomerang.
The boomerang hits your guardian golem. Flame seeps out of your guardian golem.
Your guardian golem is engulfed in blazing flames.
Flame seeps out of your guardian golem.
The orc priest hits you with a +0 flail!
You die...

:..#..........#..
...#.............
.........†..##..
#)............ .###
#...#...####..
...$..#............
......###.o{...###.#
#....#...9oo....#.#
#.#........@........#
#.#................#
..................##
#.......#.......#
#..........>....### .
###...##....<.....######..
##...###.......#.#......#
#..........†..##........#
#....)..................#


You could see an orc priest, 2 orcs and a friendly guardian golem (summoned,
inner flame).

Vanquished Creatures
  A hound (D:4)
  4 adders
  An orc (D:3)
  6 ball pythons
  5 endoplasms
  2 giant cockroaches
  4 goblins
  2 hobgoblins
  A bat (D:1)
  4 kobolds
  2 rats
32 creatures vanquished.

Vanquished Creatures (collateral kills)
  An orc wizard (D:3)
  Natasha (D:3)
  2 adders (D:2)
  A dart slug (D:1)
  2 orcs (D:3)
  5 endoplasms
  3 giant cockroaches
  A goblin (D:2)
  7 hobgoblins
  5 kobolds
  3 ball pythons (D:1)
  A bat (D:1)
  A frilled lizard (D:1)
  2 rats
35 creatures vanquished.

Grand Total: 67 creatures vanquished

Notes
Turn   | Place    | Note
-------+----------+-------------------------------------------
     0 | D:1      | sircluck the Deep Elf Summoner began the quest for the Orb.
     0 | D:1      | Reached XP level 1. HP: 10/10 MP: 6/6
   352 | D:1      | Reached XP level 2. HP: 10/15 MP: 8/8
   533 | D:1      | Reached skill level 5 in Summonings
   722 | D:1      | Reached XP level 3. HP: 9/19 MP: 9/9
  1613 | D:2      | You fall into a shaft and drop 2 floors!
  1646 | D:3      | Found Nyicof's Magic Scroll Shop.
  1649 | D:3      | Identified the +2 trident of Irystriff {drain, *Noise rPois
                  | rCorr Stlth+}
  1818 | D:3      | Reached XP level 4. HP: 24/24 MP: 11/11
  1852 | D:3      | Found a stormy altar of Qazlal.
  2205 | D:2      | HP: 1/24 [poisoned by an adder]
  2789 | D:3      | Learned a level 3 spell: Summon Guardian Golem
  2795 | D:3      | Learned a level 3 spell: Call Canine Familiar
  3015 | D:3      | Noticed Natasha
  3038 | D:3      | Killed Natasha
  3039 | D:3      | Reached XP level 5. HP: 14/28 MP: 6/13
  3288 | D:4      | Reached skill level 6 in Summonings
  3334 | D:4      | Mangled by an orc priest

Illustrated notes

Levels and vault maps discovered:
D:1:      ncdulo_lavacross, layout_basic, skrybe_limestone_x
D:2:      layout_basic
D:3:      layout_loops_ring, mainiacjoe_overflow_alcove_4, serial_shops,
          shop_coins, uniq_natasha
D:4:      layout_rooms, kennysheep_mini

Skill      XL: |  1  2  3  4  5 |
---------------+----------------+-----
Summonings     | 5 6 |  6.0
Dodging        | 3 |  3.2
Spellcasting   | 4 |  4.9
Fighting       | |  0.6
Short Blades   | |  0.7
Stealth        | |  2.8
Unarmed Combat | |  0.1

Action                     |  1- 3 |  4- 6 || total
---------------------------+-------+-------++-------
  Melee: Unarmed           |    36 |       ||    36
         Dagger            |    62 |    37 ||    99
   Cast: Summon Small Mamm |    27 |    28 ||    55
         Call Canine Famil |       |     3 ||     3
         Summon Guardian G |       |     2 ||     2
    Use: Potion            |       |     1 ||     1
   Stab: Sleeping          |     4 |     1 ||     5
 Armour: Robe              |    28 |    17 ||    45
  Dodge: Dodged            |    89 |    47 ||   136

Table legend: (Time is in decaauts)
 A = Elapsed time spent in this place.
 B = Non-inter-level travel time spent in this place.
 C = Inter-level travel time spent in this place.
 D = Time resting spent in this place.
 E = Time spent auto-exploring this place.
 F = Levels seen in this place.
 G = Mean time per level.
                   A        B        C        D        E       F      G
               +--------+--------+--------+--------+--------+-----+--------+
         Total |   3329 |   2849 |    480 |     64 |   1808 |   4 |  832.2 |
       Dungeon |   3329 |   2849 |    480 |     64 |   1808 |   4 |  832.2 |
               +--------+--------+--------+--------+--------+-----+--------+

Top non-repeatable levels by time:
     D:1: 1480 daAuts
     D:2: 924 daAuts
     D:3: 844 daAuts
     D:4: 80 daAuts
